 Dungeon Crawl Stone Soup version 0.31-a0-1547-g618ab1f (webtiles) character file.

Game seed: 4733446720432658666

697 PublicAnimeNo1 the Apothecary (level 7, -3/56 HPs)
             Began as a Demonspawn Alchemist on Jan 1, 2024.
             Was an Initiate of Gozag.
             Slain by a lemure (7 damage)
             ... led by Pikel
             ... on level 4 of the Dungeon on Jan 2, 2024.
             The game lasted 00:06:05 (3667 turns).

PublicAnimeNo1 the Apothecary (DsAl)                Turns: 3667, Time: 00:06:05

Health: -3/56      AC:  6    Str:  8 (9)  XL:     7   Next: 37%
Magic:  7/10       EV: 11    Int: 16 (17) God:    Gozag
Gold:   403        SH:  0    Dex: 10 (13) Spells: 6/10 levels left

rFire   . . .        m - +2 short sword (venom)
rCold   . . .        (no shield)
rNeg    . . .        d - +0 leather armour
rPois   .            (helmet restricted)
rElec   .            (no cloak)
rCorr   .            (no gloves)
SInv    .            (no boots)
Will    .....        (no amulet)
Stlth   +++          (no ring)
HPRegen 0.29/turn    (no ring)
MPRegen 0.12/turn

%: no passive effects
@: mighty
A: horns 1, molten scales 2, foul stench 1, spiny 1
a: Renounce Religion, Potion Petition, Call Merchant, Bribe Branch


You were on level 4 of the Dungeon.
You worshipped Gozag.
Gozag was aware of your devotion.
You visited 1 branch of the dungeon, and saw 4 of its levels.

You collected 403 gold pieces.

Inventory:

Hand Weapons
 c - a +0 trident
 m - a +2 short sword of venom (weapon)
Armour
 a - a +0 robe
 d - a +0 leather armour (worn)
Wands
 k - a wand of roots (6)
Scrolls
 e - 4 scrolls of identify
 h - a scroll of vulnerability {unknown}
 i - a scroll of teleportation {unknown}
Potions
 b - a potion of magic
 f - a potion of brilliance
 g - 2 potions of resistance
 j - a potion of haste
 o - a potion of heal wounds {unknown}
 p - a potion of cancellation {unknown}


   Skills:
 + Level 5.1 Fighting
 + Level 6.6 Short Blades
 - Level 1.7 Dodging
 + Level 5.5 Stealth
 - Level 2.0 Spellcasting
 - Level 4.9 Conjurations
 - Level 4.3 Air Magic
 * Level 6.7 Alchemy


You had 6 spell levels left.
You knew the following spells:

 Your Spells              Type           Power      Damage    Failure   Level
a - Sting                 Conj/Alch      80%        1d8       2%          1
b - Mephitic Cloud        Conj/Alch/Air  18%        N/A       10%         3

Your spell library contained the following spells:

 Spells                   Type           Power      Damage    Failure   Level
 Mercury Vapours          Alch/Air       38%        N/A       4%          2
 Olgreb's Toxic Radiance  Alch           23%        N/A       19%         4
 Leda's Liquefaction      Alch/Erth      6%         N/A       58%         4
 Petrify                  Alch/Erth      12%        N/A       58%         4
 Sticky Flame             Fire/Alch      12%        2d5       58%         4
 Frozen Ramparts          Ice            2%         1d1       65%         3
 Metabolic Englaciation   Hex/Ice        0%         N/A       100%        5


Dungeon Overview and Level Annotations

Branches:
Dungeon (4/15)
 Temple: D:4-7

Altars:
Dithmenos
Gozag
Okawaru
Vehumet

Annotations:
D:4 Pikel


Innate Abilities, Weirdness & Mutations

You have a pair of small horns on your head.
You are mostly covered in molten scales. (AC +3)
You may rarely emit foul miasma when damaged in melee.
You are partially covered in sharp spines.


Message History

Pikel hits you with a +1 whip of flaming.
* * * LOW HITPOINT WARNING * * *
Pikel burns you.
* * * LOW HITPOINT WARNING * * *
Okay, then.
Casting: Sting (safe; 5% risk of failure)
Confirm with . or Enter, or press ? or * to list all spells.
Okay, then.
You closely miss Pikel. Your headbutt misses Pikel.
Pikel is severely wounded.
Pikel hits you with a +1 whip of flaming.
* * * LOW HITPOINT WARNING * * *
Pikel burns you.
* * * LOW HITPOINT WARNING * * *
It was a potion of might.
You feel very mighty all of a sudden.
Pikel says, "You'll feel the lick of my whip!"
Pikel is struck by your spines. Pikel hits you but does no damage.
You hit Pikel.
Pikel looks as sick as possible!
Pikel is severely wounded.
The lemure completely misses you. Pikel barely misses you.
It was a potion of degeneration.
There was something very wrong with that liquid.
You feel weakened.
You feel dopey.
You feel clumsy. The lemure hits you.
* * * LOW HITPOINT WARNING * * *
Pikel barely misses you.
It was a potion of experience.
You feel more experienced!
Your Fighting skill gained 4 levels and is now at level 5!
Your Short Blades skill gained 5 levels and is now at level 6!
Your Stealth skill gained 3 levels and is now at level 5!
Your Conjurations skill gained 3 levels and is now at level 4!
Your Air Magic skill gained 4 levels and is now at level 4!
You have reached level 7!
Your demonic ancestry asserts itself...
Molten scales spread over more of your body.
The lemure is struck by your spines. The lemure hits you!
You die...
Your body crumbles into a pile of gold.

####.......#
............#
...#........##
.............#
............###
...........#.##
........#..##...........#
...........#..55K.#.....#
.........##.....@.#.....#
..........#............##
.......................#
..>...................##
..........####.##....##
...........##..#....##
..#)..............#..#
.###.###............##
#.##...#..........###


You could see Pikel (extremely poisoned) and 2 lemures.

Vanquished Creatures
  2 lemures (D:4)
  3 scorpions (D:4)
  A howler monkey (D:3)
  2 hounds (D:4)
  Terence (D:3)
  3 dart slugs
  5 orcs (D:4)
  4 bats
  An endoplasm (D:1)
  2 giant cockroaches
  5 hobgoblins
  2 quokkas
  5 ball pythons
  2 frilled lizards
  7 goblins
  4 kobolds
  5 rats
54 creatures vanquished.

Notes
Turn   | Place    | Note
-------+----------+-------------------------------------------
     0 | D:1      | PublicAnimeNo1 the Demonspawn Alchemist began the quest for
                  | the Orb.
     0 | D:1      | Reached XP level 1. HP: 13/13 MP: 3/3
    52 | D:1      | Upgraded the game from 0.31-a0-1546-gde11055 to
                  | 0.31-a0-1547-g618ab1f
   253 | D:1      | Gained mutation: You may rarely emit foul miasma when
                  | damaged in melee. [demonic ancestry]
   253 | D:1      | Reached XP level 2. HP: 19/19 MP: 1/5
   473 | D:1      | Found a faded altar of an unknown god.
   736 | D:1      | Prayed at the altar of an unknown god.
   736 | D:1      | Became a worshipper of Gozag Ym Sagoz the Greedy
   926 | D:2      | Noticed a howler monkey
   997 | D:2      | Gained mutation: You are partially covered in sharp spines.
                  | [demonic ancestry]
   997 | D:2      | Reached XP level 3. HP: 24/24 MP: 4/6
  1831 | D:3      | Found a shadowy altar of Dithmenos.
  1957 | D:3      | Reached skill level 5 in Alchemy
  1957 | D:3      | Gained mutation: You are partially covered in molten
                  | scales. (AC +2) [demonic ancestry]
  1957 | D:3      | Reached XP level 4. HP: 29/30 MP: 4/7
  1961 | D:3      | Learned a level 3 spell: Mephitic Cloud
  2041 | D:3      | Found an iron altar of Okawaru.
  2043 | D:3      | Found a radiant altar of Vehumet.
  2110 | D:3      | Found an opulent altar of Gozag.
  2591 | D:3      | Noticed Terence
  2600 | D:3      | Killed Terence
  3036 | D:4      | Noticed a lemure
  3036 | D:4      | Noticed a lemure
  3054 | D:4      | Killed a lemure
  3149 | D:4      | Gained mutation: You have a pair of small horns on your
                  | head. [demonic ancestry]
  3149 | D:4      | Reached XP level 5. HP: 35/35 MP: 4/8
  3574 | D:4      | Reached XP level 6. HP: 33/42 MP: 6/9
  3590 | D:4      | Reached skill level 1 in Fighting
  3590 | D:4      | Reached skill level 1 in Short Blades
  3652 | D:4      | Noticed Pikel
  3667 | D:4      | Reached skill level 5 in Fighting
  3667 | D:4      | Reached skill level 5 in Stealth
  3667 | D:4      | Gained mutation: You are mostly covered in molten scales.
                  | (AC +3) [demonic ancestry]
  3667 | D:4      | Reached XP level 7. HP: 4/56 MP: 7/10
  3667 | D:4      | Slain by a lemure

Illustrated notes

Levels and vault maps discovered:
D:1:      dpeg_arrival_pits, layout_rooms, basic_ecumenical_altar
D:2:      layout_loops_corners, minmay_misc_feat_rugged
D:3:      layout_basic, grunt_dithmenos_smoke_and_mirrors,
          mainiacjoe_overflow_brackets, mainiacjoe_overflow_big_doors,
          uniq_terence
D:4:      layout_cave_pools, nicolae_elyvilon_temple_path,
          lightli_corner_chamber, uniq_pikel

Skill      XL: |  1  2  3  4  5  6 |
---------------+-------------------+-----
Alchemy        | 4 5 6 |  6.7
Stealth        | 2 5 |  5.5
Fighting       | 5 |  5.1
Short Blades   | 6 |  6.6
Conjurations   | 4 |  4.9
Air Magic      | 4 |  4.3
Dodging        | |  1.7
Spellcasting   | |  2.0

Action                     |  1- 3 |  4- 6 |  7- 9 || total
---------------------------+-------+-------+-------++-------
  Melee: Trident           |    23 |     4 |       ||    27
         Unarmed           |     1 |       |       ||     1
         Short sword       |       |    42 |       ||    42
         Headbutt          |       |     8 |       ||     8
         Punch             |       |     1 |       ||     1
   Cast: Sting             |    42 |    36 |       ||    78
  Evoke: Wand              |       |     2 |       ||     2
    Use: Scroll            |     4 |       |       ||     4
         Potion            |       |     3 |       ||     3
   Stab: Distracted        |       |     1 |       ||     1
 Armour: Robe              |     1 |       |       ||     1
         Leather armour    |     9 |    28 |     1 ||    38
  Dodge: Dodged            |    17 |    21 |       ||    38

Table legend: (Time is in decaauts)
 A = Elapsed time spent in this place.
 B = Non-inter-level travel time spent in this place.
 C = Inter-level travel time spent in this place.
 D = Time resting spent in this place.
 E = Time spent auto-exploring this place.
 F = Levels seen in this place.
 G = Mean time per level.
                   A        B        C        D        E       F      G
               +--------+--------+--------+--------+--------+-----+--------+
         Total |   3673 |   3529 |    144 |    442 |   2627 |   4 |  918.2 |
       Dungeon |   3673 |   3529 |    144 |    442 |   2627 |   4 |  918.2 |
               +--------+--------+--------+--------+--------+-----+--------+

Top non-repeatable levels by time:
     D:3: 1227 daAuts
     D:2: 1017 daAuts
     D:1: 761 daAuts
     D:4: 666 daAuts
